 Dungeon Crawl Stone Soup version 0.21-a0-401-g0b6bec4 (webtiles) character file.

36 Fireblaze683 the Sneak (level 3, -3/18 HPs)
             Began as a Spriggan Assassin on Oct 25, 2017.
             Slain by a worm (11 damage)
             ... on level 2 of the Dungeon on Oct 31, 2017.
             The game lasted 00:06:55 (940 turns).

Fireblaze683 the Sneak (Spriggan Assassin)           Turns: 940, Time: 00:06:56

Health: -3/18      AC:  3    Str:  7    XL:     3   Next: 19%
Magic:  4/4        EV: 17    Int: 12    God:
Gold:   61         SH:  0    Dex: 18    Spells: 2/2 levels left

rFire    . . .     SeeInvis +   r - +1 dagger (venom)
rCold    . . .     Gourm    .   (shield restricted)
rNeg     . . .     Faith    .   c - +0 robe
rPois    .         Spirit   .   (helmet restricted)
rElec    .         Reflect  .   d - +0 cloak
rCorr    .         Harm     .   (gloves unavailable)
MR       .....                  (boots unavailable)
Stlth    ++++......             (no amulet)
HPRegen  0.06/turn              (no ring)
MPRegen  0.09/turn              (no ring)

@: very quick
A: unfitting armour, see invisible, herbivore 3, speed 3, slow metabolism 2
a: no special abilities


You were on level 2 of the Dungeon.
You were not hungry.

You visited 1 branch of the dungeon, and saw 2 of its levels.

You collected 61 gold pieces.

Inventory:

Hand Weapons
 a - a +2 dagger
 b - a +0 blowgun
 q - a +0 short sword
 r - a +1 dagger of venom (weapon)
Missiles
 e - 17 poisoned needles
 f - 2 curare-tipped needles
Armour
 c - a +0 robe (worn)
 d - a +0 cloak (worn)
 p - a +0 leather armour
Scrolls
 h - a scroll of remove curse {unknown}
 j - a scroll of identify {unknown}
Potions
 i - a potion of invisibility {unknown}
 l - 2 potions of haste {unknown}
 m - a potion of lignification {unknown}
 o - a potion of curing {unknown}
 s - a potion of ambrosia {unknown}
Comestibles
 g - 2 bread rations
 k - 2 fruits
 n - a royal jelly


   Skills:
 - Level 1.5 Fighting
 - Level 2.1 Short Blades
 - Level 2.0 Throwing
 - Level 1.5 Dodging
 + Level 7.7 Stealth


You had 2 spell levels left.
You didn't know any spells.

Dungeon Overview and Level Annotations

Branches:
Dungeon (2/15)

Altars:


Innate Abilities, Weirdness & Mutations

You are very small and have problems with some larger weapons.
You are too small for most types of armour.
You have supernaturally acute eyesight. (SInv)
You are a herbivore.
You cover ground extremely quickly.
You need consume almost no food.


Message History

A worm comes into view.
You completely miss the worm. You hit the worm.
The worm is lightly wounded.
The worm bites you.
You hit the worm but do no damage.
The worm is poisoned.
The worm is lightly wounded.
You hit the worm.
The worm is moderately wounded.
The worm completely misses you.
You hit the worm.
The worm is heavily wounded.
The worm bites you.
You hit the worm.
The worm looks even sicker.
The worm is heavily wounded.
You hit the worm.
The worm is severely wounded.
The worm bites you!
Ouch! That really hurt!
You die...

####### #################.....#
##........†............#
#..##############......#
########.################.....#
..............@w...............
###..####################......
... #...... # #.....#
######...... ...........#
######...(## ####†#. #...


You could see a worm.

Vanquished Creatures
  A dart slug (D:1)
  3 giant cockroaches (D:1)
  3 goblins (D:1)
  7 hobgoblins
  4 jackals (D:2)
  2 kobolds
  4 bats
  4 rats (D:1)
28 creatures vanquished.

Notes
Turn   | Place    | Note
-------+----------+-------------------------------------------
     0 | D:1      | Fireblaze683 the Spriggan Assassin began the quest for the Orb.
     0 | D:1      | Reached XP level 1. HP: 10/10 MP: 2/2
    26 | D:1      | Reached skill level 6 in Stealth
   306 | D:1      | Reached XP level 2. HP: 13/14 MP: 3/3
   416 | D:1      | Reached skill level 7 in Stealth
   819 | D:2      | Reached XP level 3. HP: 18/18 MP: 4/4
   940 | D:2      | Slain by a worm

Vault maps used:
D:1:      dpeg_arrival_boxorama, hangedman_decor_clover_reticule
D:2:      minivault_24

Skill      XL: |  1  2 |
---------------+-------+-----
Stealth        | 6 7 |  7.7
Fighting       | |  1.5
Short Blades   | |  2.1
Throwing       | |  2.0
Dodging        | |  1.5

Action                   || total
-------------------------++-------
Melee: Dagger            ||    86
 Stab: Sleeping          ||    12
Armor: Robe              ||    10
Dodge: Dodged            ||    68

Table legend:
 A = Spawn XP
 B = Non-spawn XP
 C = Spawn XP percentage of total XP
 D = Spawn monster count
 E = Non-spawn monster count
 F = Spawn count percentage of total count
 G = Total turns spent on level
                    A         B        C        D         E        F      G
               +---------+---------+-------+---------+---------+-------+---------
         Total |       0 |      52 |   0.0 |       0 |      28 |   0.0 |   940
               +---------+---------+-------+---------+---------+-------+---------
           D:1 |       0 |      39 |   0.0 |       0 |      21 |   0.0 |   774
           D:2 |       0 |      13 |   0.0 |       0 |       7 |   0.0 |   166
               +---------+---------+-------+---------+---------+-------+---------
